 Dungeon Crawl Stone Soup version 0.27.0-1-g7a089689b8 (console) character file.

Game seed: 16561682576355229670

110 jejorda2 the Magician (level 4, -8/23 HPs)
             Began as a Spriggan Air Elementalist on Aug 5, 2021.
             Was a Believer of Lugonu.
             Killed by nerve-wracking pain
             ... invoked by an orc priest
              (12 damage)
             ... on level 3 of the Dungeon.
             The game lasted 00:13:47 (4334 turns).

jejorda2 the Magician (Spriggan Air Elementalist)   Turns: 4334, Time: 00:13:47

Health: -8/23      AC:  4    Str:  5    XL:     4   Next: 61%
Magic:  7/10       EV: 18    Int: 16    God:    Lugonu [**....]
Gold:   98         SH:  0    Dex: 15    Spells: 3/9 levels left

rFire    . . .     SeeInvis +   a - +2 dagger (venom)
rCold    . . .     Faith    .   (shield restricted)
rNeg     . . .     Spirit   .   b - +0 robe
rPois    .         Reflect  .   (helmet restricted)
rElec    .         Harm     .   h - +1 cloak
rCorr    .         Rampage  .   (gloves unavailable)
Will     .....                  (boots unavailable)
Stlth    ++........             (no amulet)
HPRegen  0.07/turn              (no ring)
MPRegen  0.12/turn              (no ring)

@: very quick
A: very small, no large weapons, unfitting armour, see invisible, speed 3
a: Renounce Religion, Depart the Abyss, Bend Space


You were on level 3 of the Dungeon.
You worshipped Lugonu.
Lugonu was pleased with you.
You visited 1 branch of the dungeon, and saw 3 of its levels.

You collected 98 gold pieces.

Inventory:

Hand Weapons
 a - a +2 dagger of venom (weapon)
 g - a +0 dagger
 l - a +0 short sword
Missiles
 d - 4 atropa-tipped darts
 e - 64 stones (quivered)
Armour
 b - a +0 robe (worn)
 h - a +1 cloak (worn)
Magical Staves
 j - a staff of fire
Scrolls
 c - 4 scrolls of teleportation {unknown}
 f - 3 scrolls of identify {unknown}
 i - a scroll of enchant armour {unknown}
 m - a scroll of magic mapping {unknown}
Potions
 k - 2 potions of attraction {unknown}


   Skills:
 * Level 1.8 Fighting
 + Level 3.4 Dodging
 - Level 3.0 Stealth
 + Level 3.4 Spellcasting
 + Level 1.6 Conjurations
 + Level 3.0 Air Magic


You had 3 spell levels left.
You knew the following spells:

 Your Spells              Type           Power      Damage    Failure   Level
a - Shock                 Conj/Air       40%        1d5       7%          1
b - Static Discharge      Conj/Air       10%        N/A       11%         2
S - Swiftness             Air            12%        N/A       16%         3

Your spell library contained the following spells:

 Spells                   Type           Power      Damage    Failure   Level
 Blink                    Tloc           N/A        N/A       26%         2
 Lesser Beckoning         Tloc           1%         N/A       47%         3
 Tukima's Dance           Hex            2%         N/A       47%         3
 Airstrike                Air            6%         N/A       45%         4
 Passage of Golubria      Tloc           N/A        N/A       87%         4
 Manifold Assault         Tloc           2%         N/A       99%         5
 Yara's Violent Unravell  Hex/Tmut       1%         3d3       99%         5


Dungeon Overview and Level Annotations

Branches:
Dungeon (3/15)

Altars:
Lugonu


Innate Abilities, Weirdness & Mutations

You are very small and have problems with some larger weapons.
You are too small for most types of armour.
You have supernaturally acute eyesight. (SInv)
You cover ground extremely quickly. (Speed+++)


Message History

You hit the jackal.
The jackal looks even sicker.
The jackal is moderately wounded.
The jackal barely misses you.
The jackal bites you but does no damage.
You hit the jackal.
The jackal looks as sick as possible!
The jackal is almost dead.
You kill the jackal!
Lugonu accepts your kill.
There is a shaft here.
m - a scroll labelled NETEENG KOOSCH The orc priest shouts!
An orc priest is nearby!
Casting: Shock (safe; 7% risk of failure)
Confirm with . or Enter, or press ? or * to list all spells.
Aiming: Shock (safe; 7% risk of failure)
Press: ? - help, Shift-Dir - straight line, f - orc priest
Aim: an orc priest, wielding a +0 short sword (68% to hit)
The zap hits the orc priest.
The orc priest is lightly wounded.
The orc priest calls down the wrath of Beogh upon you.
Beogh smites you!
There is an open door here.
You hit the orc priest.
The orc priest is moderately wounded.
The orc priest hits you with a +0 short sword!
You hit the orc priest but do no damage.
The orc priest is poisoned.
The orc priest is moderately wounded.
The orc priest hits you but does no damage.
Casting: Shock (safe; 7% risk of failure)
Confirm with . or Enter, or press ? or * to list all spells.
The orc priest is struck by an arc of lightning!
The orc priest is almost dead.
You are struck by an arc of lightning.
* * * LOW HITPOINT WARNING * * *
The lightning grounds out.
The orc priest calls down the wrath of Beogh upon you.
Pain shoots through your body!
Ouch! That really hurt!
You die...

..# ..# ..#
..... ..#
.....####### ###
...o.......#
#.........#
#.........#
#.........######
#.....)..o@....#
#.........####.#
#.........# #.#
####)###### #.#
#)# #.# #.# #.#
#o# #.# #.# #.#
#o# #.#


You could see an orc priest (poisoned).

Vanquished Creatures
  3 gnolls (D:3)
  An adder (D:2)
  A worm (D:2)
  A dart slug (D:2)
  7 orcs (D:3)
  5 bats
  4 endoplasms
  6 goblins
  3 hobgoblins
  5 jackals
  4 quokkas
  4 ball pythons
  2 frilled lizards
  6 kobolds
  4 rats
56 creatures vanquished.

Notes
Turn   | Place    | Note
-------+----------+-------------------------------------------
     0 | D:1      | jejorda2 the Spriggan Air Elementalist began the quest for
                  | the Orb.
     0 | D:1      | Reached XP level 1. HP: 9/9 MP: 5/5
   212 | D:1      | Found a faded altar of an unknown god.
   352 | D:1      | Became a worshipper of Lugonu the Unformed
   352 | D:1      | Reached * piety under Lugonu
   352 | D:1      | Reached ** piety under Lugonu
   580 | D:1      | Reached skill level 1 in Conjurations
   589 | D:1      | Reached XP level 2. HP: 14/14 MP: 0/6
  1775 | D:2      | Reached skill level 1 in Fighting
  1971 | D:2      | Reached XP level 3. HP: 18/18 MP: 3/8
  2382 | D:2      | Learned a level 2 spell: Static Discharge
  2393 | D:2      | Learned a level 3 spell: Swiftness
  3388 | D:3      | Reached XP level 4. HP: 22/22 MP: 4/9
  4334 | D:3      | Killed from afar by an orc priest

Illustrated notes

Levels and vault maps discovered:
D:1:      dpeg_arrival_simpleton_b, layout_basic,
          hellmonk_ecumenical_altar_heavens_door
D:2:      layout_loops_corners, due_unseen_surprise
D:3:      layout_basic

Skill      XL: |  1  2  3 |
---------------+----------+-----
Conjurations   | 1 |  1.6
Dodging        | 3 |  3.4
Spellcasting   | 3 |  3.4
Fighting       | 1 |  1.8
Air Magic      | 3 |  3.0
Stealth        | |  3.0

Action                   |  1- 3 |  4- 6 || total
-------------------------+-------+-------++-------
Melee: Short sword       |    13 |       ||    13
       Dagger            |     6 |    42 ||    48
Throw: Stone             |     4 |       ||     4
 Cast: Shock             |   108 |    13 ||   121
       Static Discharge  |       |     1 ||     1
 Stab: Sleeping          |     1 |     1 ||     2
Armor: Robe              |     6 |     7 ||    13
Dodge: Dodged            |    16 |    29 ||    45
